 Dungeon Crawl Stone Soup version 0.30-a0-722-g3e6e8c874d (webtiles) character file.

Game seed: 17057748274226341098

60 Darius099 the Cudgeller (level 4, -2/28 HPs)
             Began as a Gargoyle Fighter on Jan 27, 2023.
             Killed by nerve-wracking pain
             ... invoked by an orc priest
              (4 damage)
             ... on level 3 of the Dungeon.
             The game lasted 00:01:45 (1681 turns).

Darius099 the Cudgeller (Gargoyle Fighter)          Turns: 1681, Time: 00:01:46

Health: -2/28      AC: 10    Str: 22    XL:     4   Next: 6%
Magic:  4/4        EV:  9    Int:  8    God:
Gold:   137        SH:  4    Dex:  9    Spells: 3/3 levels left

rFire   . . .      SeeInvis .    a - +0 flail
rCold   . . .      Faith    .    c - +0 buckler
rNeg    + . .      Spirit   .    b - +0 scale mail
rPois   ∞          Reflect  .    (no helmet)
rElec   +          Harm     .    (no cloak)
rCorr   .          Rampage  .    (no gloves)
Will    .....                    (no boots) Stlth
                                 (no amulet)
HPRegen 0.24/turn                (no ring)
MPRegen 0.09/turn                (no ring)

@: no status effects
A: sickness immunity, AC +3, negative energy resistance 1, electricity
resistance, torment resistance 1, petrification resistance
a: no special abilities


You were on level 3 of the Dungeon.
You visited 1 branch of the dungeon, and saw 3 of its levels.

You collected 137 gold pieces.

Inventory:

Hand Weapons
 a - a +0 flail (weapon)
Armour
 b - a +0 scale mail (worn)
 c - a +0 buckler (worn)
Jewellery
 f - an amulet of magic regeneration
 n - a +4 ring of protection
Scrolls
 e - a scroll of enchant armour {unknown}
 h - 4 scrolls of identify {unknown}
 i - a scroll of silence {unknown}
 j - a scroll of poison {unknown}
 l - 2 scrolls of blinking {unknown}
 m - a scroll of amnesia {unknown}
Potions
 d - 2 potions of might
 g - a potion of berserk rage {unknown}
 k - a potion of ambrosia {unknown}


   Skills:
 - Level 3.2 Fighting
 + Level 4.2 Maces & Flails
 - Level 3.2 Armour
 - Level 3.2 Shields


You had 3 spell levels left.
You didn't know any spells.
Your spell library was empty.

Dungeon Overview and Level Annotations

Branches:
Dungeon (3/15)

Altars:
Kikubaaqudgha


Innate Abilities, Weirdness & Mutations

You are immune to sickness and miasma.
Your stone body is resilient. (AC +3)
You are immune to poison.
You resist negative energy. (rN+)
You are resistant to electric shocks. (rElec)
You are resistant to unholy torment.
You are immune to petrification.


Message History

Unknown command.
Unknown command.
Unknown command.
You are too injured to fight recklessly!
You are too injured to fight recklessly!
The orc hits you with a +0 short sword.
The orc priest mumbles some strange prayers to Beogh against you.
Beogh smites you!
* * * LOW HITPOINT WARNING * * *
You are too injured to fight recklessly!
You are too injured to fight recklessly!
You are too injured to fight recklessly!
You closely miss the orc priest. The orc priest barely misses you.
An orc comes into view. It is wielding a +0 short sword.
The orc hits you but does no damage.
You barely miss the orc priest. The orc misses you. The orc closely misses you.
The orc priest barely misses you.
The orc priest hits you with a +1 flail of pain.
* * * LOW HITPOINT WARNING * * *
The orc completely misses you.
An orc comes into view. It is wielding a +0 club.
There are monsters nearby!
Unknown command.
There are monsters nearby!
Unknown command.
There are monsters nearby!
Unknown command.
There are monsters nearby!
Unknown command.
There are monsters nearby!
Unknown command.
Unknown command.
Unknown command.
Unknown command.
Unknown command.
You sock the orc priest!
The orc priest is severely wounded.
The orc priest invokes the aid of Beogh against you.
Pain shoots through your body!
You die...

.#####.#.....#....... (#
^....................#
...........(.........#
####.........#.......
##..........####.#
#...........##
#..(.........###
####........#..oo.# .#
#.).....#### #.@# ##.####
##.......# #o.# #........
........## #..## .........
##......# #...####........
##......#### ##..............
...###.....# ##.............
......####.######.............
..............................
........⌠.∩#######<...........


You could see an orc priest and 2 orcs.

Vanquished Creatures
  An adder (D:3)
  2 dart slugs (D:2)
  An orc (D:3)
  5 ball pythons
  3 endoplasms
  6 giant cockroaches
  3 goblins
  5 hobgoblins
  4 jackals (D:2)
  A kobold (D:1)
  A quokka (D:1)
  A bat (D:3)
  2 frilled lizards
  4 rats
39 creatures vanquished.

Notes
Turn   | Place    | Note
-------+----------+-------------------------------------------
     0 | D:1      | Darius099 the Gargoyle Fighter began the quest for the Orb.
     0 | D:1      | Reached XP level 1. HP: 14/14 MP: 1/1
   190 | D:1      | Reached XP level 2. HP: 18/19 MP: 2/2
   380 | D:1      | Reached skill level 3 in Maces & Flails
   953 | D:2      | Reached XP level 3. HP: 23/23 MP: 3/3
  1299 | D:2      | Found an ancient bone altar of Kikubaaqudgha.
  1530 | D:3      | Reached skill level 4 in Maces & Flails
  1538 | D:3      | Reached XP level 4. HP: 27/28 MP: 4/4
  1644 | D:3      | Found a faded altar of an unknown god.
  1681 | D:3      | Killed from afar by an orc priest

Illustrated notes

Levels and vault maps discovered:
D:1:      kennysheep_arrival_seaside, layout_loops_ring, serial_bayou_ford_a
D:2:      layout_loops_ring, basic_altar
D:3:      layout_rooms, ebering_ecumenical_altar_abandoned, minivault_26

Skill      XL: |  1  2  3 |
---------------+----------+-----
Maces & Flails | 3 4 |  4.2
Fighting       | |  3.2
Armour         | |  3.2
Shields        | |  3.2

Action                     |  1- 3 |  4- 6 || total
---------------------------+-------+-------++-------
  Melee: Flail             |   120 |    11 ||   131
 Armour: Scale mail        |    92 |     3 ||    95
  Dodge: Dodged            |    81 |    11 ||    92
  Block: Buckler           |    32 |     1 ||    33

Table legend: (Time is in decaauts)
 A = Elapsed time spent in this place.
 B = Non-inter-level travel time spent in this place.
 C = Inter-level travel time spent in this place.
 D = Time resting spent in this place.
 E = Time spent auto-exploring this place.
 F = Levels seen in this place.
 G = Mean time per level.
                   A        B        C        D        E       F      G
               +--------+--------+--------+--------+--------+-----+--------+
         Total |   1726 |   1698 |     28 |      0 |   1343 |   3 |  575.3 |
       Dungeon |   1726 |   1698 |     28 |      0 |   1343 |   3 |  575.3 |
               +--------+--------+--------+--------+--------+-----+--------+

Top non-repeatable levels by time:
     D:1: 910 daAuts
     D:2: 538 daAuts
     D:3: 277 daAuts
